 Dungeon Crawl Stone Soup version 0.28.0-53-g5a82cb258f (webtiles) character file.

Game seed: 6237524539917568201

17895 sanboga the Grappler (level 12, -12/192 HPs)
             Began as a Troll Berserker on July 27, 2022.
             Was a High Priest of Trog.
             Mangled by a balrug
             ... wielding a +0 demon whip of venom
              (14 damage)
             ... on level 2 of the Abyss.
             The game lasted 00:18:10 (10722 turns).

sanboga the Grappler (Troll Berserker)             Turns: 10722, Time: 00:18:10

Health: -12/192    AC: 11    Str: 32    XL:     12   Next: 22%
Magic:  11/11      EV: 12    Int:  3    God:    Trog [*****.]
Gold:   170        SH:  0    Dex:  9    Spells: 11/11 levels left

rFire   . . .      SeeInvis +     - Unarmed
rCold   + + +      Faith    .   (no shield)
rNeg    + . .      Spirit   .   x - +4 skin of Zhor {*Englaciate rC+++ SInv}
rPois   .          Reflect  .   (helmet restricted)
rElec   .          Harm     .   A - +2 cloak {rCorr}
rCorr   +          Rampage  .   (gloves unavailable)
Will    .....                   (boots unavailable)
Stlth   ..........              (no amulet)
HPRegen 1.22/turn               c - ring of protection from cold
MPRegen 0.12/turn               s - ring of positive energy

@: berserking, lethally poisoned (-12 -> -15), studying Fighting, very quick
A: large, unfitting armour, claws 3, regeneration 1, shaggy fur 1, tough skin 1
a: Renounce Religion, Berserk, Trog's Hand, Brothers in Arms


You were on level 2 of the Abyss.
You worshipped Trog.
Trog was extremely pleased with you.
You visited 1 branch of the dungeon, and saw 13 of its levels.
You visited the Abyss 1 time.
You also visited: Sewer.

You collected 603 gold pieces.
You spent 433 gold pieces at shops.

Inventory:

Armour
 x - the +4 skin of Zhor (worn) {*Englaciate rC+++ SInv}
   (You acquired it on level 11 of the Dungeon)

   It radiates cold, occasionally slowing all nearby creatures who are not
   resistant to cold.
   rC:        It renders you almost immune to cold.
   SInv:      It lets you see invisible.
 A - a +2 cloak of preservation (worn)
Jewellery
 c - a ring of protection from cold (left claw)
 s - a ring of positive energy (right claw)
Wands
 b - a wand of digging (7)
 l - a wand of acid (17)
 p - a wand of iceblast (10)
 q - a wand of charming (4)
 t - a wand of polymorph (10)
 w - a wand of flame (38)
 y - a wand of paralysis (5)
Scrolls
 a - 5 scrolls of teleportation
 g - 2 scrolls of enchant weapon
 h - 2 scrolls of fear
 j - 4 scrolls of silence
 o - 2 scrolls of magic mapping
 u - a scroll of blinking
 z - a scroll of enchant armour
 C - a scroll of fog
Potions
 d - a potion of berserk rage
 e - 2 potions of resistance
 f - 3 potions of curing
 i - 4 potions of haste
 k - a potion of might
 m - a potion of ambrosia
 n - 3 potions of heal wounds
 r - 3 potions of flight


   Skills:
 + Level 10.7 Fighting
 + Level 10.2 Dodging
 * Level 12.2 Unarmed Combat


You had 11 spell levels left.
You didn't know any spells.
Your spell library was empty.

Dungeon Overview and Level Annotations

Branches:
Dungeon (13/15)            Temple (0/1) D:4            Lair (0/6) D:10
    Orc (0/2) D:9           Sewer (visited)
 Vaults: D:13-14

Altars:
Ashenzari
Fedhas
Kikubaaqudgha
Qazlal
Ru
Sif Muna
Uskayaw
Vehumet
Yredelemnul

Shops:
D:6 ?   D:7 *   D:9 *=[(

Annotations:
D:13 Sonja


Innate Abilities, Weirdness & Mutations

You are too large for most types of armour.
You have claws for hands.
Your natural rate of healing is unusually fast.
You are covered in fur. (AC +1)
You have tough skin. (AC +1)


Message History

That felt strangely unrewarding.
You radiate an aura of cold.
The balrug resists.
The balrug gestures at you.
The fireball explodes!
The fireball engulfs you!!
You hear a shout!
You hear a screech!
You hear a chilling moan.
A sun demon comes into view.
You hear a grinding noise.
The balrug gestures at you.
The fireball explodes!
The fireball engulfs you!!
The fireball engulfs the balrug.
The balrug completely resists.
You hear a roar!
A red film seems to cover your vision as you go berserk!
You feel yourself moving faster!
You feel mighty! The balrug gestures at you.
The fireball explodes!
The fireball engulfs you!!!
The fireball engulfs the balrug.
The balrug completely resists.
The balrug hits you with a +0 demon whip of venom!
You are engulfed in flames!!
* * * LOW HITPOINT WARNING * * *
You are poisoned.
You hear a shout! x2; You hear a chilling moan.
You claw the balrug!
The balrug is lightly wounded.
You feel very sick.
You mangle the balrug!!
The balrug is heavily wounded.
You feel sick. The balrug gestures at you. The bolt of fire hits you!!
* * * LOW HITPOINT WARNING * * *
You scratch the balrug.
The balrug is heavily wounded.
* * * LOW HITPOINT WARNING * * *
You feel sick.
You mangle the balrug!!
The balrug is almost dead.
* * * LOW HITPOINT WARNING * * *
You feel sick.
The balrug hits you with a +0 demon whip of venom!
You die...

. ......∩.. ..#..
. ........∩....
.#.#
.............###.
# .
..........#### .#
....#............
.#......... .. ##
##.##3.
.###.....#
..#.2#.#...# .. #
## #.#@#.## #
.#.# # ##..##. #
.# .### ###.## #.
#. # # # #..## #
## ##### #.#.# #
###


You could see a balrug and a sun demon.

Vanquished Creatures
  Harold (D:9)
  A boulder beetle (D:12)
  A hydra (D:12)
  5 two-headed ogres
  Nergalle (D:12)
  A sun demon (Abyss:2)
  Maurice (D:8)
  6 centaur zombies (D:10)
  A kobold demonologist (D:12)
  The ghost of aChris07 the Skirmisher, a novice GrVM (D:4)
  3 trolls (D:10)
  2 polar bears (D:8)
  Grinder (D:3)
  Sigmund (D:3)
  A vampire (D:12)
  A wyvern (D:10)
  Eustachio (D:6)
  12 yaks
  A wraith (D:11)
  4 vampire mosquitoes (D:9)
  2 water moccasins
  2 acid dragons
  Duvessa (D:5)
  4 orc warriors
  An ice beast (D:8)
  5 black bears
  A small abomination (Abyss:2)
  A sky beast (D:5)
  2 necrophages
  2 ogres
  3 wolves (D:8)
  5 centaurs
  2 phantoms
  2 kobold brigands
  7 bullfrogs
  3 scorpions
  A water moccasin skeleton (D:5)
  Dowan (D:5)
  3 killer bees (D:9)
  10 wights
  5 howler monkeys
  3 electric eels
  A human zombie (D:10)
  A wyvern simulacrum (D:8)
  3 centaur skeletons
  2 jellies
  2 bullfrog skeletons
  4 orc priests
  2 gnoll shamans
  4 hounds
  2 iguanas
  Ijyb (D:3)
  11 orc wizards
  A scorpion zombie (D:5)
  2 killer bee zombies (D:8)
  2 hound skeletons (D:4)
  A mummy (D:10)
  2 killer bee simulacra (D:8)
  A howler monkey skeleton (D:7)
  3 howler monkey zombies
  10 gnolls
  8 adders
  7 river rats
  2 shadow imps
  3 white imps
  An ufetubus (D:6)
  A worm (D:2)
  4 dart slugs
  25 orcs
  7 endoplasms
  2 giant cockroaches
  7 goblins
  8 hobgoblins
  2 quokkas (D:2)
  19 ball pythons
  4 bats
  A frilled lizard (D:2)
  10 kobolds
  27 rats
305 creatures vanquished.

Vanquished Creatures (others)
  A white imp (D:8)
  45 fungi (D:10)
  35 plants (D:10)
81 creatures vanquished.

Grand Total: 386 creatures vanquished

Notes
Turn   | Place    | Note
-------+----------+-------------------------------------------
     0 | D:1      | sanboga the Troll Berserker began the quest for the Orb.
     0 | D:1      | Reached XP level 1. HP: 22/22 MP: 0/0
    20 | D:1      | Found a faded altar of an unknown god.
   137 | D:1      | Reached XP level 2. HP: 27/29 MP: 1/1
   846 | D:2      | Reached XP level 3. HP: 35/36 MP: 2/2
   984 | D:2      | Reached ** piety under Trog
  1467 | D:3      | Noticed Sigmund
  1477 | D:3      | Killed Sigmund
  1478 | D:3      | Reached skill level 4 in Unarmed Combat
  1478 | D:3      | Reached XP level 4. HP: 35/46 MP: 3/3
  1478 | D:3      | Reached XP level 5. HP: 40/53 MP: 4/4
  1573 | D:3      | Noticed Ijyb
  1582 | D:3      | Killed Ijyb
  1735 | D:3      | Noticed Grinder
  1741 | D:3      | Killed Grinder
  1742 | D:3      | Reached XP level 6. HP: 62/62 MP: 5/5
  1743 | D:3      | Reached skill level 5 in Unarmed Combat
  1983 | D:4      | Reached XP level 7. HP: 67/71 MP: 6/6
  2144 | D:4      | Found a runed translucent door.
  2246 | D:4      | Found an ancient bone altar of Kikubaaqudgha.
  2678 | D:4      | Found a radiant altar of Vehumet.
  2678 | D:4      | Found a broken altar of Ashenzari.
  2767 | D:4      | Found a staircase to the Ecumenical Temple.
  2985 | D:4      | Noticed aChris07's ghost (novice GrVM)
  2993 | D:4      | Killed aChris07's ghost
  2994 | D:4      | Reached skill level 5 in Fighting
  2994 | D:4      | Reached skill level 5 in Dodging
  2994 | D:4      | Reached skill level 6 in Unarmed Combat
  2994 | D:4      | Reached XP level 8. HP: 80/80 MP: 7/7
  3005 | D:5      | Entered Level 5 of the Dungeon
  3263 | D:5      | Reached *** piety under Trog
  3326 | D:5      | Found a glowing drain.
  3352 | Sewer    | Entered a sewer
  3575 | Sewer    | Reached **** piety under Trog
  3643 | Sewer    | Reached skill level 7 in Unarmed Combat
  3909 | D:5      | Noticed Duvessa
  3912 | D:5      | Noticed Dowan
  3921 | D:5      | Killed Duvessa
  3931 | D:5      | Killed Dowan
  3962 | D:5      | Reached XP level 9. HP: 59/89 MP: 8/8
  4453 | D:6      | Noticed Eustachio
  4462 | D:6      | Killed Eustachio
  4526 | D:6      | Found Roecraed's Magic Scroll Emporium.
  4534 | D:6      | Bought a scroll of identify for 20 gold pieces
  4534 | D:6      | Bought a scroll of identify for 20 gold pieces
  4534 | D:6      | Bought a scroll of noise for 10 gold pieces
  4534 | D:6      | Bought a scroll of identify for 20 gold pieces
  4534 | D:6      | Bought a scroll of identify for 20 gold pieces
  4659 | D:6      | Reached skill level 8 in Unarmed Combat
  4957 | D:6      | Reached ***** piety under Trog
  5313 | D:7      | Noticed a +0 spear
  5313 | D:7      | Noticed a +0 falchion
  5313 | D:7      | Noticed a +0 falchion
  5313 | D:7      | Noticed a +0 short sword
  5314 | D:7      | Noticed a +0 dagger
  5318 | D:7      | Noticed a +0 short sword
  5319 | D:7      | Noticed a +0 spear
  5320 | D:7      | Noticed a +0 dagger
  5326 | D:7      | Found a hide-covered altar of Uskayaw.
  5629 | D:7      | Found a blossoming altar of Fedhas.
  5631 | D:7      | Identified the +0 scale mail of Barphiewk {*Slow rN++
                  | Int+7}
  5660 | D:7      | Found Boixkad's CLEARANCE SALE!.
  6362 | D:8      | Noticed a polar bear
  6375 | D:8      | Killed a polar bear
  6376 | D:8      | Reached skill level 9 in Unarmed Combat
  6376 | D:8      | Reached XP level 10. HP: 70/102 MP: 9/9
  6666 | D:8      | Identified the +5 flail of Floods {spect, Fly rPois Stlth-}
  6784 | D:8      | Noticed Maurice
  6792 | D:8      | Killed Maurice
  7226 | D:9      | Received a gift from Trog
  7311 | D:9      | Noticed a two-headed ogre
  7322 | D:9      | Killed a two-headed ogre
  7323 | D:9      | Reached skill level 10 in Unarmed Combat
  7556 | D:9      | Found Majiar's Antique Weapon Emporium.
  7558 | D:9      | Found Owkoanu's Jewellery Shop.
  7558 | D:9      | Found Oloruschu's Armour Shoppe.
  7652 | D:9      | Noticed Harold
  7667 | D:9      | Killed Harold
  7668 | D:9      | Reached XP level 11. HP: 52/113 MP: 10/10
  7683 | D:9      | HP: 2/113 [yak (6)]
  7844 | D:9      | Bought a +2 robe of cold resistance for 265 gold pieces
  7918 | D:9      | Found Upael's Assorted Antiques.
  7956 | D:9      | Found a staircase to the Orcish Mines.
  8041 | D:9      | Bought a scroll of teleportation for 78 gold pieces
  8163 | D:10     | Entered Level 10 of the Dungeon
  8184 | D:10     | Found a stormy altar of Qazlal.
  8388 | D:10     | Noticed a two-headed ogre
  8413 | D:10     | Killed a two-headed ogre
  8414 | D:10     | Reached skill level 11 in Unarmed Combat
  8441 | D:10     | Noticed a two-headed ogre
  8514 | D:10     | Killed a two-headed ogre
  8589 | D:10     | Found a staircase to the Lair.
  8838 | D:10     | Found a sacrificial altar of Ru.
  8965 | D:10     | Found a basalt altar of Yredelemnul.
  9000 | D:10     | Identified a scroll of acquirement
  9000 | D:10     | Acquired a manual of Fighting
  9126 | D:11     | Found a shimmering blue altar of Sif Muna.
  9410 | D:11     | Noticed a two-headed ogre
  9417 | D:11     | Killed a two-headed ogre
  9418 | D:11     | Reached skill level 10 in Fighting
  9878 | D:11     | Acquired the +4 skin of Zhor {*Englaciate rC+++ SInv}
  9878 | D:11     | Found the +4 skin of Zhor {*Englaciate rC+++ SInv}
 10110 | D:12     | Noticed a boulder beetle
 10110 | D:12     | Noticed a two-headed ogre
 10114 | D:12     | Noticed Nergalle
 10119 | D:12     | Killed a two-headed ogre
 10120 | D:12     | Reached skill level 10 in Dodging
 10120 | D:12     | Reached XP level 12. HP: 123/126 MP: 11/11
 10129 | D:12     | Killed Nergalle
 10134 | D:12     | Killed a boulder beetle
 10135 | D:12     | Reached skill level 12 in Unarmed Combat
 10354 | D:12     | Noticed a seven-headed hydra
 10363 | D:12     | Killed a 12-headed hydra
 10582 | D:13     | Noticed Sonja
 10583 | D:13     | Paralysed by Sonja for 6 turns
 10588 | D:13     | Cast into level 2 of the Abyss (Sonja)
 10708 | Abyss:2  | Noticed a balrug
 10720 | Abyss:2  | HP: 5/192 [balrug/bolt of fire (32)]
 10722 | Abyss:2  | HP: 2/192 [poisoned by a balrug]
 10722 | Abyss:2  | Mangled by a balrug

Illustrated notes

Levels and vault maps discovered:
D:1:      lightli_arrival_boilingwater, layout_basic, serial_aquarium,
          aquarium_bridge_island_small [aquarium_subvault_small_open,
          aquarium_subvault_bridge, aquarium_subvault_window,
          aquarium_subvault_bridge, aquarium_subvault_bridge],
          aquarium_bridge_square [aquarium_subvault_bridge,
          aquarium_subvault_wall, aquarium_subvault_bridge,
          aquarium_subvault_bridge], aquarium_window_2, aquarium_window_2,
          aquarium_window_corridor_1, aquarium_window_corner, aquarium_view_2f,
          aquarium_view_2d, aquarium_balcony_5b, aquarium_pool_four,
          hellmonk_ecumenical_altar_run_dry
D:2:      layout_basic, minmay_curled_crystal
D:3:      layout_basic, chequers_decorated_corner, uniq_grinder, uniq_sigmund,
          uniq_ijyb
D:4:      layout_loops_corners, mainiacjoe_overflow_alcove_1,
          amethyst_overflow_temple_binary, minmay_temple_entry_trees,
          ebering_ghost_reflecting_pool, minmay_puff
D:5:      layout_basic, serial_glass, glass_columns_a, glass_columns_c,
          portal_sewer_entry_c, hangedman_abyss_or_decor_stagger,
          kennysheep_generic_room_4, uniq_duvessa
D:6:      layout_loops_corners, serial_shops, shop, uniq_eustachio
D:7:      layout_loops_ring, fedhas_altar_2, nicolae_uskayaw_en_pointe,
          nicolae_shop_clearance
D:8:      layout_basic, serial_ice, serial_ice_a, serial_ice_n, serial_ice_b,
          serial_ice_k, uniq_maurice
D:9:      layout_basic, orc_0_dummy, grunt_ogre_cave, minivault_26,
          nicolae_wooded_promenade, grunt_ministairs_9,
          nicolae_inconvenience_store, serial_bayou_lake_a, uniq_harold
D:10:     layout_rooms, grunt_qazlal_sundering,
          lemuel_mausoleum_altar_yredelemnul,
          mainiacjoe_overflow_small_starburst, due_lair_maze_entry_diamond
D:11:     layout_stronghold, kennysheep_orc_sif_temple
D:12:     layout_cave_pools, uniq_nergalle
D:13:     layout_cross, david_vaults_4, kennysheep_minor_cross, uniq_urug,
          uniq_nessos, uniq_sonja
Abyss:2:  base: D:8, evilmike_abyss_exit_13

Skill      XL: |  1  2  3  4  5  6  7  8  9 10 11 12 |
---------------+-------------------------------------+-----
Dodging        | 3 4 5 6 7 8 10 | 10.2
Fighting       | 3 4 5 6 7 8 10 | 10.7
Unarmed Combat | 4 5 6 7 9 10 11 12 | 12.2

Action                   |  1- 3 |  4- 6 |  7- 9 | 10-12 || total
-------------------------+-------+-------+-------+-------++-------
Melee: Unarmed           |    86 |    39 |   394 |   338 ||   857
       Punch             |     1 |     1 |    15 |    32 ||    49
Invok: Berserk           |       |     2 |     5 |     8 ||    15
  Use: Scroll            |     1 |       |    11 |    14 ||    26
       Potion            |       |       |       |     7 ||     7
Armor: Animal skin       |    46 |    12 |   150 |    47 ||   255
       Troll leather arm |       |       |       |    64 ||    64
       Robe              |       |       |       |    10 ||    10
Dodge: Dodged            |    57 |    15 |   269 |   199 ||   540
